 Dungeon Crawl Stone Soup version 0.31-a0-1291-g5386780bc2 (webtiles) character file.

Game seed: 14822850932099993037

24 Bnni the Shooter (level 2, 15/15 HPs)
             Began as a Spriggan Hunter on Dec 18, 2023.
             Was a Follower of Cheibriados.
             Quit the game on level 2 of the Dungeon.
             The game lasted 00:01:04 (942 turns).

Bnni the Shooter (Spriggan Hunter)                   Turns: 942, Time: 00:01:05

Health: 15/15      AC:  2    Str:  9    XL:     2   Next: 79%
Magic:  3/3        EV: 18    Int: 12    God:    Cheibriados [*.....]
Gold:   77         SH:  0    Dex: 20    Spells: 1/1 levels left

rFire   . . .        a - +0 shortbow
rCold   . . .        (shield currently unavailable)
rNeg    . . .        c - +0 robe
rPois   .            (helmet restricted)
rElec   .            (no cloak)
rCorr   .            (gloves unavailable)
SInv    +            (boots unavailable)
Will    .....        (no amulet)
Stlth   ++           (no ring)
HPRegen 0.22/turn    (no ring)
MPRegen 0.08/turn

%: no passive effects
@: no status effects
A: very small, no large weapons, unfitting armour, see invisible, speed 3
a: Renounce Religion, Bend Time


You were on level 2 of the Dungeon.
You worshipped Cheibriados.
Cheibriados was aware of your devotion.
You visited 1 branch of the dungeon, and saw 2 of its levels.

You collected 77 gold pieces.

Inventory:

Hand Weapons
 a - a +0 shortbow (weapon)
Armour
 c - a +0 robe (worn)
 g - a +0 buckler
Scrolls
 b - a scroll of butterflies
 e - a scroll of teleportation {unknown}
 h - 2 scrolls of enchant armour {unknown}
Potions
 d - a potion of resistance {unknown}
 f - a potion of might {unknown}


   Skills:
 + Level 1.9 Fighting
 * Level 4.4 Ranged Weapons
 + Level 3.2 Dodging
 - Level 1.5 Stealth


You had one spell level left.
You didn't know any spells.
Your spell library contained the following spells:

 Spells                   Type           Power      Damage    Failure   Level
 Slow                     Hex            0%         N/A       32%         1
 Blink                    Tloc           0%         N/A       45%         2
 Confusing Touch          Hex            0%         N/A       69%         3
 Sigil of Binding         Hex            0%         N/A       69%         3
 Vampiric Draining        Necr           0%         2d6       69%         3
 Manifold Assault         Tloc           0%         N/A       97%         4


Dungeon Overview and Level Annotations

Branches:
Dungeon (2/15)

Altars:
Cheibriados


Innate Abilities, Weirdness & Mutations

You are very small and have problems with some larger weapons.
You are too small for most types of armour.
You have supernaturally acute eyesight. (SInv)
You cover ground extremely quickly. (Speed+++)


Message History

Done exploring.
Done exploring.
There is a stone staircase leading down here.
You climb downwards.
The goblin shouts!
The frilled lizard hisses angrily.
Found a trident and a weird runed staff.
Found a faded altar of an unknown god.
Found two stone staircases leading up and a stone staircase leading down.
There is a stone staircase leading up here.
There are monsters nearby!
You shoot an arrow. The arrow barely misses the goblin.
The goblin hits you with a +0 dagger.
A rat comes into view.
You shoot an arrow. The arrow barely misses the goblin.
The goblin misses you.
You shoot an arrow. The arrow barely misses the goblin.
The goblin misses you.
You shoot an arrow. The arrow hits the goblin.
The goblin is heavily wounded.
The frilled lizard barely misses you. The goblin misses you.
You shoot an arrow. The arrow misses the goblin.
The goblin misses you. The frilled lizard misses you.
The frilled lizard barely misses you. The goblin closely misses you.
You shoot an arrow. The arrow hits the goblin.
You kill the goblin!
The frilled lizard barely misses you.
You shoot an arrow. The arrow hits the frilled lizard!
You kill the frilled lizard!
You shoot an arrow. The arrow hits the rat!
You kill the rat!
No target in view!
No target in view!
Found an escape hatch in the floor.
There is a faded altar of an unknown god here.
This altar belongs to (a) Okawaru, (b) Cheibriados or (c) Fedhas, but you can't tell which.
Press the corresponding letter to learn more about a god, or press enter to convert or escape to cancel.
Cheibriados accepts your prayer! Cheibriados welcomes you!
Cheibriados begins to support your attributes as your movement slows.
Cheibriados is now slowing the effects of poison on you.
You can now bend time to slow others.
Cheibriados raises the support of your attributes as your movement slows.
Are you sure you want to abandon this character and quit the game? (Confirm with "yes".)

#.#.# ... #.#.# ###
... .. #.#.##...
.... ....###.#......
.....
>.....|....#####....
#.#.##.....##
#...#..<.#..#
#...#...)...#
#.....#.@.<.#
#...#..††...#
#...#..<)#..#
#.#.##.....##
#.#..#####.....
..... ..... .....#
..>. .. .. ... .


There were no monsters in sight!

Vanquished Creatures
  A dart slug (D:1)
  2 bats (D:1)
  3 endoplasms (D:1)
  A giant cockroach (D:1)
  A goblin (D:2)
  3 jackals (D:1)
  A quokka (D:1)
  2 ball pythons (D:1)
  3 frilled lizards
  2 kobolds (D:1)
  2 rats
21 creatures vanquished.

Notes
Turn   | Place    | Note
-------+----------+-------------------------------------------
     0 | D:1      | Bnni the Spriggan Hunter began the quest for the Orb.
     0 | D:1      | Reached XP level 1. HP: 10/10 MP: 2/2
   198 | D:1      | Reached XP level 2. HP: 15/15 MP: 3/3
   919 | D:2      | Found a faded altar of an unknown god.
   941 | D:2      | Prayed at the altar of an unknown god.
   941 | D:2      | Became a worshipper of Cheibriados the Contemplative
   941 | D:2      | Reached * piety under Cheibriados
   942 | D:2      | Quit the game

Illustrated notes

Levels and vault maps discovered:
D:1:      sevenhm_arrival_forest_fort_large_2, layout_basic,
          wander_ebering_terrifying_dragon_lair
D:2:      minmay_wonky_spiral, layout_basic, nicolae_ecumenical_pavilion

Skill      XL: |  1 |
---------------+----+-----
Dodging        | 3 |  3.2
Fighting       | |  1.9
Ranged Weapons | |  4.4
Stealth        | |  1.5

Action                     || total
---------------------------++-------
   Fire: Shortbow          ||    66
 Armour: Robe              ||     7
  Dodge: Dodged            ||    24

Table legend: (Time is in decaauts)
 A = Elapsed time spent in this place.
 B = Non-inter-level travel time spent in this place.
 C = Inter-level travel time spent in this place.
 D = Time resting spent in this place.
 E = Time spent auto-exploring this place.
 F = Levels seen in this place.
 G = Mean time per level.
                   A        B        C        D        E       F      G
               +--------+--------+--------+--------+--------+-----+--------+
         Total |    630 |    600 |     30 |      0 |    479 |   2 |  315.0 |
       Dungeon |    630 |    600 |     30 |      0 |    479 |   2 |  315.0 |
               +--------+--------+--------+--------+--------+-----+--------+

Top non-repeatable levels by time:
     D:1: 611 daAuts
     D:2: 19 daAuts
